 Dungeon Crawl Stone Soup version 0.28.0-53-g5a82cb258f (webtiles) character file.

Game seed: 2707663786841938251

6288 101zpm the Thaumaturge (level 11, -2/66 HPs)
             Began as a Djinni Fire Elementalist on May 21, 2022.
             Shot with a sling bullet by Joseph (14 damage)
             ... on level 8 of the Dungeon.
             The game lasted 00:22:40 (11888 turns).

101zpm the Thaumaturge (Djinni Fire Elementalist)  Turns: 11888, Time: 00:22:40

Health: -2/66      AC:  6    Str:  7    XL:     11   Next: 15%
Gold:   326        EV: 13    Int: 21    God:
                   SH:  0    Dex: 16

rFire   + + +      SeeInvis .   o - +5 trident "Igoig" {antimagic, Dex+2 Stlth+}
rCold   . . .      Faith    .   (no shield)
rNeg    . . .      Spirit   .   a - +0 robe
rPois   ∞          Reflect  .   l - +0 helmet
rElec   .          Harm     .   (no cloak)
rCorr   .          Rampage  .   u - +2 pair of gloves
Will    +....                   (boots unavailable)
Stlth   ++........              (no amulet)
HPRegen 0.21/turn               f - ring of protection from fire
MPRegen 0.00/turn               k - ring of protection from cold

@: confused, flying
A: sickness immunity, fire resistance 2, cold vulnerability 1, float, innate
caster, HP casting, extra vitality 1
a: no special abilities


You were on level 8 of the Dungeon.
You visited 2 branches of the dungeon, and saw 9 of its levels.

You collected 326 gold pieces.

Inventory:

Hand Weapons
 o - the +5 trident "Igoig" (weapon) {antimagic, Dex+2 Stlth+}
   (You found it on level 7 of the Dungeon)

   It reduces the magical energy of the wielder, and disrupts the spells and
   magical abilities of those it strikes.
   Natural abilities and divine invocations are not affected.
   Dex:       It affects your dexterity (+2).
   Stlth:     It makes you more stealthy.
 B - the +1 quarterstaff "Ycoiptat" {vorpal, rElec Str+6}
   (You took it off an orc on level 8 of the Dungeon)

   It inflicts extra damage upon your enemies.
   Str:       It affects your strength (+6).
   rElec:     It insulates you from electricity.
Missiles
 p - a throwing net
Armour
 a - a +0 robe (worn)
 l - a +0 helmet (worn)
 u - a +2 pair of gloves (worn)
Jewellery
 f - a ring of protection from fire (left hand)
 k - a ring of protection from cold (right hand)
Wands
 q - a wand of iceblast (13)
 y - a wand of flame (16)
Scrolls
 b - 2 scrolls of enchant weapon
 c - a scroll of fear
 g - 4 scrolls of enchant armour
 r - 4 scrolls of noise
 s - 3 scrolls of magic mapping
 t - a scroll of teleportation
 A - a scroll of amnesia {unknown}
Potions
 d - 4 potions of might {unknown}
 e - 2 potions of mutation {unknown}
 h - a potion of lignification {unknown}
 i - 3 potions of attraction {unknown}
 j - a potion of curing {unknown}
 m - a potion of flight {unknown}
 v - a potion of berserk rage {unknown}
 w - a potion of resistance {unknown}
 x - a potion of magic {unknown}
 z - a potion of degeneration {unknown}


   Skills:
 + Level 0.9 Fighting
 + Level 0.3 Polearms
 + Level 3.1 Dodging
 + Level 3.5 Stealth
 + Level 12.2 Spellcasting


You had 7 spell levels left.
You knew the following spells:

 Your Spells              Type           Power      Damage    Failure   Level
a - Foxfire               Conj/Fire      100%       2x1d9     1%          1
b - Scorch                Fire           100%       2d10      1%          2
c - Conjure Flame         Conj/Fire      59%        6-21      1%          3
d - Inner Flame           Hex/Fire       59%        N/A       1%          3
e - Flame Wave            Conj/Fire      59%        2d11      1%          4
f - Shock                 Conj/Air       100%       1d9       1%          1
g - Ensorcelled Hibernat  Hex/Ice        100%       N/A       1%          2
h - Stone Arrow           Conj/Erth      100%       3d13      1%          3
i - Airstrike             Air            29%        N/A       1%          4
j - Passage of Golubria   Tloc           59%        N/A       1%          4
Your spell library was empty.

Dungeon Overview and Level Annotations

Branches:
Dungeon (8/15)             Temple (1/1) D:4
   Lair: D:8-11

Altars:
Ashenzari
Cheibriados
Dithmenos
Elyvilon
Fedhas
Gozag
Hepliaklqana
Kikubaaqudgha
Makhleb
Nemelex Xobeh
Okawaru
Qazlal
Sif Muna
Uskayaw
Vehumet
Wu Jian
Xom
Yredelemnul
Zin
The Shining One

Annotations:
D:4 1 transporter, Descartes's ghost, amateur FeWn
D:6 1 runed translucent door, Crazy Yiuf
D:8 Joseph


Innate Abilities, Weirdness & Mutations

You are immune to sickness and miasma.
You are immune to poison.
Your flesh is very heat resistant. (rF++)
You are vulnerable to cold. (rC-)
You float through the air rather than walking.
You learn spells naturally, not from books.
Your magical power is your life essence.
You have superior vitality. (+4 MHP)


Message History

Your will is overpowered!
You are confused.
You're too confused to cast spells.
Okay, then.
You're too confused to cast spells.
You're too confused to move!
Joseph unwields a +2 antimagic quarterstaff.
Joseph wields a +0 hunting sling.
Joseph shoots a sling bullet.
The sling bullet closely misses you.
Joseph zaps a wand.
You resist with almost no effort.
Joseph shoots a sling bullet.
The sling bullet hits you.
You feel less confused.
Joseph shoots a sling bullet.
The sling bullet hits you!
Joseph zaps a wand.
Your will is overpowered!
You are confused.
Joseph shoots a sling bullet.
The sling bullet hits you!
You're too confused to move!
Joseph shoots a sling bullet.
The sling bullet hits you!
You feel less confused.
Joseph zaps a wand.
You resist with almost no effort.
Casting: Shock (safe; 1% risk of failure)
Confirm with . or Enter, or press ? or * to list all spells.
Aiming: Passage of Golubria (safe; 1% risk of failure)
Press: ? - help, Dir - move target
As you read the scroll of fog, it crumbles to dust.
The scroll dissolves into smoke.
Joseph zaps a wand.
Your will is overpowered!
You are confused.
You enter the passage of Golubria.
Joseph shoots a sling bullet.
The sling bullet hits you!
* * * LOW HITPOINT WARNING * * *
There is a passage of Golubria here.
You're too confused to cast spells.
Okay, then.
You're too confused to cast spells.
Unknown command.
You're too confused to cast spells.
This passage doesn't lead anywhere!
This passage doesn't lead anywhere!
You bump into the rock wall.
Joseph shoots a sling bullet.
The sling bullet hits you!
You die...

#..# #.### ### #.. #...#
######## ###y# #.......
#.# #.###### #.# #.# #.#
#.# # #.# #.#
#.§########.#######.###
#.§§§§§§§@.....##.....#
#.#####@§§§.......###.####
....@...§§§.......# #.....
..))###.####......###.####
.. #.# #..........# #.#
#.....##.######
#.#####.####.....##.......
...).........#......######
#####################


You could see Joseph.

Vanquished Creatures
  2 two-headed ogres
  2 komodo dragons
  Prince Ribbit (D:5)
  Sigmund (D:5)
  A wyvern (D:8)
  A vampire (D:7)
  Menkaure (D:6)
  3 water moccasins
  3 ice beasts
  A sky beast (D:5)
  2 black bears (D:5)
  5 ogres
  2 orc warriors
  A necrophage (D:4)
  3 centaurs
  2 kobold brigands (D:6)
  Blork the orc (D:6)
  A bullfrog (D:8)
  A gnoll sergeant (D:6)
  3 scorpions
  7 killer bees
  A howler monkey (D:6)
  3 bullfrog zombies
  3 centaur zombies
  6 orc priests
  2 gnoll shamans
  2 centaur skeletons
  9 iguanas
  Jessica (D:3)
  4 orc wizards
  Natasha (thrice) (D:3)
  A hound skeleton (D:4)
  13 gnolls
  5 adders
  An ufetubus (D:6)
  3 dart slugs
  21 orcs
  7 ball pythons
  3 bats
  5 endoplasms
  3 giant cockroaches
  4 goblins
  7 hobgoblins
  4 jackals (D:1)
  14 kobolds
  2 quokkas
  4 frilled lizards
  7 rats
182 creatures vanquished.

Vanquished Creatures (others)
  An angel (D:5)
  520 foxfires
  6 plants (D:8)
527 creatures vanquished.

Grand Total: 709 creatures vanquished

Notes
Turn   | Place    | Note
-------+----------+-------------------------------------------
     0 | D:1      | 101zpm the Djinni Fire Elementalist began the quest for the
                  | Orb.
     0 | D:1      | Reached XP level 1. HP: 15/15 MP: 0/0
   207 | D:2      | Reached XP level 2. HP: 17/21 MP: 0/0
   490 | D:3      | Noticed Natasha
   492 | D:3      | Killed Natasha
   493 | D:3      | Reached skill level 3 in Spellcasting
   493 | D:3      | Reached XP level 3. HP: 21/25 MP: 0/0
   493 | D:3      | Learned a level 1 spell: Shock
   672 | D:3      | Noticed Jessica
   676 | D:3      | Killed Jessica
   677 | D:3      | Reached XP level 4. HP: 24/31 MP: 0/0
   752 | D:3      | Noticed Natasha
   759 | D:3      | Killed Natasha
  1062 | D:2      | Reached XP level 5. HP: 23/35 MP: 0/0
  1062 | D:2      | Learned a level 2 spell: Ensorcelled Hibernation
  1552 | D:2      | Found a white marble altar of Elyvilon.
  1958 | D:1      | Reached skill level 4 in Spellcasting
  2186 | D:1      | Found a faded altar of an unknown god.
  2186 | D:1      | Noticed a floating eye
  2191 | D:1      | Noticed an eye of devastation
  2195 | D:1      | Noticed a great orb of eyes
  2195 | D:1      | Noticed an eye of devastation
  3552 | D:3      | Found a burning altar of Makhleb.
  3554 | D:3      | Noticed a green death
  3565 | D:3      | Noticed Natasha
  3572 | D:3      | Killed Natasha
  4011 | D:4      | Reached XP level 6. HP: 34/40 MP: 0/0
  4120 | D:4      | Noticed an ogre
  4122 | D:4      | Found an iron altar of Okawaru.
  4126 | D:4      | Killed an ogre
  4127 | D:4      | Reached skill level 5 in Spellcasting
  4369 | D:4      | Reached XP level 7. HP: 30/45 MP: 0/0
  4369 | D:4      | Learned a level 3 spell: Stone Arrow
  4509 | D:4      | Noticed Descartes's ghost (amateur FeWn)
  4522 | D:5      | Entered Level 5 of the Dungeon
  4531 | D:5      | Noticed Sigmund
  4535 | D:5      | Killed Sigmund
  4605 | D:5      | Reached skill level 6 in Spellcasting
  4623 | D:5      | Reached XP level 8. HP: 32/50 MP: 0/0
  4752 | D:5      | Found a stormy altar of Qazlal.
  4856 | D:5      | Noticed Prince Ribbit
  4865 | D:5      | Killed Prince Ribbit
  4866 | D:5      | Reached skill level 7 in Spellcasting
  5477 | D:6      | Noticed Menkaure
  5482 | D:6      | Noticed Blork the orc
  5482 | D:6      | Killed Menkaure
  5495 | D:6      | Killed Blork the orc
  5496 | D:6      | Reached skill level 8 in Spellcasting
  5496 | D:6      | Reached XP level 9. HP: 3/55 MP: 0/0
  5496 | D:6      | Learned a level 4 spell: Airstrike
  5773 | D:5      | Killed an angel
  6085 | D:5      | Found a shimmering altar of Xom.
  6087 | D:5      | Found a glowing silver altar of Zin.
  6622 | D:4      | Reached skill level 9 in Spellcasting
  6736 | D:4      | Noticed a +0 hand axe
  6736 | D:4      | Noticed a +3 dagger
  6737 | D:4      | Found a hide-covered altar of Uskayaw.
  7121 | D:4      | Found a staircase to the Ecumenical Temple.
  7318 | Temple   | Entered the Ecumenical Temple
  7798 | D:6      | Found a runed translucent door.
  7799 | D:6      | Noticed Crazy Yiuf
  7945 | D:6      | Reached XP level 10. HP: 55/61 MP: 0/0
  8035 | D:6      | Reached skill level 10 in Spellcasting
  8966 | D:6      | Noticed a komodo dragon
  8972 | D:6      | Killed a komodo dragon
  9196 | D:4      | Found a transporter.
  9910 | D:7      | Reached skill level 11 in Spellcasting
 10106 | D:7      | Noticed a two-headed ogre
 10111 | D:7      | Killed a two-headed ogre
 10335 | D:7      | Identified the +5 trident "Igoig" {antimagic, Dex+2 Stlth+}
 10564 | D:8      | Identified the +1 quarterstaff "Ycoiptat" {vorpal, rElec
                  | Str+6}
 10831 | D:8      | Noticed a komodo dragon
 10837 | D:8      | Killed a komodo dragon
 11062 | D:8      | Noticed a two-headed ogre
 11069 | D:8      | Killed a two-headed ogre
 11070 | D:8      | Reached skill level 12 in Spellcasting
 11070 | D:8      | Reached XP level 11. HP: 47/66 MP: 0/0
 11070 | D:8      | Learned a level 4 spell: Passage of Golubria
 11334 | D:8      | Noticed a two-headed ogre
 11342 | D:8      | Noticed Joseph
 11888 | D:8      | Shot with a sling bullet by Joseph

Illustrated notes

Levels and vault maps discovered:
D:1:      lemuel_arrival_behind_the_door_large, layout_basic,
          hellmonk_ecumenical_altar_watching_god
D:2:      layout_basic, basic_altar, minivault_11
D:3:      layout_loops_cross, makhleb_altar_promises_db, serial_rivers,
          chequers_serial_rivers_marsh, chequers_serial_rivers_micro_a,
          chequers_serial_rivers_small_3, chequers_serial_rivers_small_b,
          chequers_serial_rivers_large_a, chequers_serial_rivers_large_b,
          uniq_jessica, uniq_natasha
D:4:      layout_loops_ring, dancing_weapons_uskayaw, okawaru_gym_becter,
          minmay_temple_entry_trees, chequers_ossuary_entry_cave,
          gammafunk_ghost_smash, grunt_ministairs_10, st_stairs_1, moated_statue
D:5:      layout_gridville, grunt_temple_overflow_order_and_chaos_1,
          nicolae_overflow_crystal_walls, uniq_sigmund, uniq_prince_ribbit1
D:6:      layout_basic, grunt_ministairs_3, minmay_misc_feat_diagonals,
          uniq_crazy_yiuf_cottage, uniq_blork_the_orc, uniq_menkaure
D:7:      layout_gridville
D:8:      layout_loops_ring, minmay_lizard_king, uniq_joseph
Temple:   dpeg_chambers_temple

Skill      XL: |  1  2  3  4  5  6  7  8  9 10 |
---------------+-------------------------------+-----
Spellcasting   | 3 4 5 6 8 9 12 | 12.2
Stealth        | 2 3 |  3.5
Dodging        | 3 |  3.1
Fighting       | |  0.9
Polearms       | |  0.3

Action                   |  1- 3 |  4- 6 |  7- 9 | 10-12 || total
-------------------------+-------+-------+-------+-------++-------
Melee: Unarmed           |       |     1 |       |       ||     1
       Trident           |       |       |       |     7 ||     7
 Cast: Foxfire           |    28 |    69 |    97 |   133 ||   327
       Scorch            |     1 |    38 |    22 |    39 ||   100
       Inner Flame       |     1 |    21 |    46 |    50 ||   118
       Shock             |       |     2 |     3 |     9 ||    14
       Airstrike         |       |       |     7 |     1 ||     8
       Passage of Golubr |       |       |       |     1 ||     1
  Use: Scroll            |       |     3 |       |     7 ||    10
Armor: Robe              |       |     2 |     1 |     3 ||     6
Dodge: Dodged            |       |     9 |     6 |    18 ||    33
